 Dungeon Crawl Stone Soup version 0.32-a0-18-g89e19f1974 (webtiles) character file.

Game seed: 14962942785935626117

600 Xavori the Trooper (level 7, 0/57 HPs)
             Began as a Djinni Chaos Knight on Jan 16, 2024.
             Was a Plaything of Xom.
             Slain by an ice beast (10 damage)
             ... on level 5 of the Dungeon.
             The game lasted 00:03:24 (6017 turns).

Xavori the Trooper (Djinni Chaos Knight)            Turns: 6017, Time: 00:03:25

Health: 0/57       AC:  8    Str: 11    XL:     7   Next: 69%
Gold:   238        EV: 12    Int: 13    God:    Xom [.....*] SH:  5 Dex: 13

rFire   + . .        a - +1 falchion (chaos)
rCold   . . .        (no shield)
rNeg    . . .        b - +2 leather armour
rPois   ∞            n - +2 helmet
rElec   .            (no cloak)
rCorr   .            (no gloves)
SInv    +            (boots unavailable)
Will    .....        o - amulet of reflection
Stlth   +            q - ring of ice
HPRegen 0.29/turn    (no ring)
MPRegen 0.00/turn

%: reflection, infuse magic (-1 HP)
@: brilliant, liquefying, cleaving, flying, slowed movement, invisible, very
slow
A: sickness immunity, fire resistance 2, cold vulnerability 1, float, innate
caster, HP casting, extra vitality 1, see invisible, clumsy 1, robust 1, wild
magic 1
a: Renounce Religion


You were on level 5 of the Dungeon.
You worshipped Xom.
You were Xom's teddy bear.
You visited 1 branch of the dungeon, and saw 4 of its levels.

You collected 238 gold pieces.

Inventory:

Hand Weapons
 a - a +1 falchion of chaos (weapon)
Armour
 b - a +2 leather armour (worn)
 n - a +2 helmet (worn)
Jewellery
 o - an amulet of reflection (around neck)
 q - a ring of ice (left hand)
Scrolls
 c - a scroll of butterflies
 l - a scroll of poison {unknown}
 m - a scroll of teleportation {unknown}
 p - a scroll of vulnerability {unknown}
 r - a scroll of revelation {unknown}
Potions
 d - a potion of heal wounds {unknown}
 e - a potion of might {unknown}
 i - a potion of ambrosia {unknown}
 j - a potion of brilliance
 k - 3 potions of curing


   Skills:
 + Level 4.2 Fighting
 + Level 3.9 Long Blades
 + Level 3.1 Armour
 + Level 4.0 Dodging
 * Level 3.3 Spellcasting
 * Level 3.3 Conjurations
 * Level 3.3 Hexes
   Level 0.0 Charms
 * Level 3.3 Summonings
 * Level 3.3 Necromancy
 * Level 3.3 Translocations
   Level 0.0 Transmutations
 * Level 3.3 Fire Magic
 * Level 3.3 Ice Magic
 * Level 3.3 Air Magic
 * Level 3.3 Earth Magic
 * Level 3.3 Alchemy


You knew the following spells:

 Your Spells              Type           Power      Damage    Failure   Level
a - Necrotise             Necr           84%        1d8       12%         1
b - Static Discharge      Conj/Air       42%        3-5/arc   16%         2
c - Sigil of Binding      Hex            21%        N/A       30%         3
Your spell library was empty.

Dungeon Overview and Level Annotations

Branches:
Dungeon (3/15)

Altars:


Innate Abilities, Weirdness & Mutations

You are immune to sickness and miasma.
You are immune to poison.
Your flesh is very heat resistant. (rF++)
You are vulnerable to cold. (rC-)
You float through the air rather than walking.
You learn spells naturally, not from books.
Your magical power is your life essence.
You have superior vitality. (+4 MHP)
You have supernaturally acute eyesight. (SInv)
You are clumsy. (Dex -2)
You are robust. (+10% HP)
Your spells are a little harder to cast, but a little more powerful.


Message History

The gnoll sergeant seems to speed up.
The gnoll sergeant is moderately wounded.
The gnoll sergeant barely misses you.
You barely miss the gnoll sergeant.
The gnoll sergeant is moderately wounded.
The gnoll sergeant barely misses you.
You barely miss the gnoll sergeant.
The gnoll sergeant is moderately wounded.
The gnoll sergeant closely misses you. You block the gnoll sergeant's attack.
You hit the gnoll sergeant. You burn the gnoll sergeant.
The gnoll sergeant is moderately wounded.
Xom plays with reality for a moment.
The ground around you becomes liquefied!
You block the gnoll sergeant's attack.
The gnoll sergeant hits you with a +0 spear.
* * * LOW HITPOINT WARNING * * *
You hit the gnoll sergeant but do no damage.
The gnoll sergeant is moderately wounded. "Serve the mortal, my children!"
You hit the ice beast but do no damage. You barely miss the ice beast.
You block the ice beast's attack.
You hit the ice beast.
The ice beast is lightly wounded.
The gnoll sergeant hits you but does no damage.
The ice beast closely misses you. The gnoll sergeant closely misses you.
Unknown command.
You closely miss the ice beast.
The ice beast is lightly wounded.
The ice beast becomes momentarily stuck in the liquid earth.
Unknown command.
You strike the helpless ice beast from behind!
You hit the ice beast.
The acid corrodes the ice beast!
The ice beast is moderately wounded.
The gnoll sergeant hits you but does no damage.
You hit the ice beast.
The ice beast is moderately wounded.
The ice beast hits you.
* * * LOW HITPOINT WARNING * * *
The ice beast freezes you!
You die...

#.#####.# #.# . ########.#
#.# #.# #. #....)).)# #.#
#.####.. #.######.# #.#
#.##.... #.#
#.#####.######.##.#.. #.#
#.......##B.......... #.#
####g#####.####.....# s #.#
#Y# #.# h##...## #.# #@# #.#
##.##. #.# #5# #.##h #.#..
#.# #5# #..##l+#.#). #.#
#######.#####...###...## #.#
#.....#.B.##.....†..8...
#.###.###...........###...##
#.............###..##)'#.#'.
##.##..#####..# #.##...#.#).
#.##..# #..# #.#...##.##.


You could see an ice beast (unable to see you, corroded, struggling), a gnoll
sergeant (fast, unable to see you, struggling, ally target), a bombardier beetle
(unable to see you, struggling), a friendly white imp (summoned) and a friendly
ufetubus (summoned, struggling).

Vanquished Creatures
  Sigmund (D:2)
  A jelly (D:2)
  An iguana (D:2)
  A sleepcap (D:5)
  Terence (D:2)
  3 gnoll boudas (D:5)
  4 gnolls (D:5)
  5 adders
  A ribbon worm (D:2)
  A dart slug (D:2)
  2 orcs
  3 endoplasms (D:1)
  5 goblins
  6 hobgoblins
  A jackal (D:2)
  3 quokkas
  3 ball pythons
  6 bats
  3 frilled lizards (D:1)
  6 kobolds
  5 rats (D:1)
62 creatures vanquished.

Vanquished Creatures (collateral kills)
  A water moccasin (D:5)
1 creature vanquished.

Grand Total: 63 creatures vanquished

Notes
Turn   | Place    | Note
-------+----------+-------------------------------------------
     0 | D:1      | Xavori the Djinni Chaos Knight began the quest for the Orb.
     0 | D:1      | Reached XP level 1. HP: 20/20 MP: 0/0
   163 | D:1      | XOM: silly message
   167 | D:1      | XOM: silly message
   209 | D:1      | Reached XP level 2. HP: 9/25 MP: 0/0
   381 | D:1      | XOM: smoke on damage
   416 | D:1      | XOM: divination: detect items
   762 | D:1      | Reached XP level 3. HP: 29/30 MP: 0/0
   762 | D:1      | Learned a level 1 spell: Necrotise
   818 | D:1      | Reached skill level 1 in Spellcasting
   818 | D:1      | Reached skill level 1 in Conjurations
   818 | D:1      | Reached skill level 1 in Hexes
   818 | D:1      | Reached skill level 1 in Summonings
   818 | D:1      | Reached skill level 1 in Necromancy
   818 | D:1      | Reached skill level 1 in Translocations
   818 | D:1      | Reached skill level 1 in Fire Magic
   818 | D:1      | Reached skill level 1 in Ice Magic
   818 | D:1      | Reached skill level 1 in Air Magic
   818 | D:1      | Reached skill level 1 in Earth Magic
   818 | D:1      | Reached skill level 1 in Alchemy
   847 | D:1      | XOM: divination: detect creatures
  1198 | D:1      | XOM: silly message
  1471 | D:1      | XOM: silly message
  1527 | D:1      | XOM: silly message
  2032 | D:1      | XOM: silly message
  2070 | D:1      | XOM: silly message
  2154 | D:1      | XOM: silly message
  2197 | D:1      | XOM: divination: detect items
  2271 | D:1      | XOM: silly message
  2739 | D:1      | XOM: divination: magic mapping
  3020 | D:1      | XOM: god gift: 36 gold pieces
  3057 | D:1      | XOM: scenery: 1 doors open, 2 doors close
  3266 | D:1      | XOM: scenery: 2 doors open, 1 doors close
  3998 | D:1      | XOM: 1-stop teleportation journey
  4165 | D:1      | XOM: cloud trail
  4358 | D:1      | XOM: give mutation
  4358 | D:1      | Gained mutation: You are partially covered in iridescent
                  | scales. (AC +2) [Xom's grace]
  4715 | D:2      | XOM: god gift: 40 gold pieces
  4822 | D:2      | XOM: polymorph jackal -> ball python
  4827 | D:2      | Reached XP level 4. HP: 34/35 MP: 0/0
  4857 | D:2      | Reached XP level 5. HP: 36/40 MP: 0/0
  4857 | D:2      | Learned a level 2 spell: Static Discharge
  4923 | D:2      | XOM: give mutations
  4923 | D:2      | Gained mutation: You are resistant to electric shocks.
                  | (rElec) [Xom's mischief]
  4923 | D:2      | Gained mutation: You are agile. (Dex +4, Str/Int -1) [Xom's
                  | mischief]
  5021 | D:2      | Noticed Terence
  5023 | D:2      | Noticed Sigmund
  5025 | D:2      | XOM: confusion
  5030 | D:2      | XOM: fog
  5039 | D:2      | XOM: blink monster(s)
  5043 | D:2      | XOM: chaos cloud
  5164 | D:2      | Killed Sigmund
  5165 | D:2      | Reached XP level 6. HP: 36/47 MP: 0/0
  5175 | D:2      | Killed Terence
  5363 | D:2      | XOM: 1-stop teleportation journey
  5650 | D:3      | You are sucked into a shaft and drop 2 floors!
  5650 | D:5      | Entered Level 5 of the Dungeon
  5687 | D:5      | Noticed a water moccasin
  5690 | D:5      | XOM: summons 6 friendly demons
  5697 | D:5      | Killed a water moccasin
  5698 | D:5      | Reached XP level 7. HP: 43/52 MP: 0/0
  5698 | D:5      | Learned a level 3 spell: Sigil of Binding
  5740 | D:5      | XOM: confuse monster(s)
  5945 | D:5      | XOM: polymorph ogre -> bombardier beetle
  5954 | D:5      | XOM: enchant monster (good)
  5989 | D:5      | XOM: cleaving
  5996 | D:5      | Lost mutation: You are resistant to electric shocks.
                  | (rElec) [potion of mutation]
  5996 | D:5      | Lost mutation: You are partially covered in iridescent
                  | scales. (AC +2) [potion of mutation]
  5996 | D:5      | Lost mutation: You are agile. (Dex +4, Str/Int -1) [potion
                  | of mutation]
  5996 | D:5      | Gained mutation: You are clumsy. (Dex -2) [potion of
                  | mutation]
  5996 | D:5      | Gained mutation: You have supernaturally acute eyesight.
                  | (SInv) [potion of mutation]
  5996 | D:5      | Gained mutation: Your spells are a little harder to cast,
                  | but a little more powerful. [potion of mutation]
  5996 | D:5      | Gained mutation: You are robust. (+10% HP) [potion of
                  | mutation]
  6000 | D:5      | XOM: divination: detect creatures
  6010 | D:5      | XOM: cast spell 'Leda's Liquefaction'
  6011 | D:5      | XOM: summons 2 friendly demons
  6017 | D:5      | Slain by an ice beast

Illustrated notes

Levels and vault maps discovered:
D:1:      matt_arrival_refuge, layout_loops_corners
D:2:      layout_basic, serial_park_tiny_1, hangedman_decor_growths,
          grunt_decor_fettered, uniq_terence, uniq_sigmund
D:3:      layout_loops_ring, nicolae_dithmenos_shadow_blocks,
          chequers_serial_rivers_micro_e, st_stairs_10, serial_bayou_lake_a
D:5:      cheibrodos_barr_body, layout_loops_ring

Skill      XL: |  1  2  3  4  5  6  7 |
---------------+----------------------+-----
Spellcasting   | 1 2 3 |  3.3
Conjurations   | 1 2 3 |  3.3
Hexes          | 1 2 3 |  3.3
Summonings     | 1 2 3 |  3.3
Necromancy     | 1 2 3 |  3.3
Translocations | 1 2 3 |  3.3
Fire Magic     | 1 2 3 |  3.3
Ice Magic      | 1 2 3 |  3.3
Air Magic      | 1 2 3 |  3.3
Earth Magic    | 1 2 3 |  3.3
Alchemy        | 1 2 3 |  3.3
Long Blades    | 3 |  3.9
Armour         | 2 3 |  3.1
Dodging        | 3 4 |  4.0
Fighting       | 4 |  4.2

Action                     |  1- 3 |  4- 6 |  7- 9 || total
---------------------------+-------+-------+-------++-------
  Melee: Falchion          |    86 |    83 |    71 ||   240
    Use: Potion            |       |       |     5 ||     5
         Scroll            |       |       |     1 ||     1
   Stab: Sleeping          |     1 |     1 |       ||     2
         Confused          |     1 |       |     2 ||     3
         Paralysed         |       |     1 |       ||     1
         Invisible         |       |       |     1 ||     1
 Armour: Leather armour    |    36 |    67 |    54 ||   157
  Dodge: Dodged            |    52 |    68 |    54 ||   174
  Block: Other             |       |     2 |    24 ||    26

Table legend: (Time is in decaauts)
 A = Elapsed time spent in this place.
 B = Non-inter-level travel time spent in this place.
 C = Inter-level travel time spent in this place.
 D = Time resting spent in this place.
 E = Time spent auto-exploring this place.
 F = Levels seen in this place.
 G = Mean time per level.
                   A        B        C        D        E       F      G
               +--------+--------+--------+--------+--------+-----+--------+
         Total |   6049 |   5953 |     96 |   3638 |   1715 |   4 | 1512.2 |
       Dungeon |   6049 |   5953 |     96 |   3638 |   1715 |   4 | 1512.2 |
               +--------+--------+--------+--------+--------+-----+--------+

Top non-repeatable levels by time:
     D:1: 4721 daAuts
     D:2: 888 daAuts
     D:5: 375 daAuts
     D:3: 63 daAuts
